 Dungeon Crawl Stone Soup version 0.27.1-1-g398f81649c (webtiles) character file.

Game seed: 9609074393507482206

14 Thatpatchoflichen the Shield-Bearer (level 2, -1/27 HPs)
             Began as a Minotaur Fighter on Sept 11, 2021.
             Slain by Natasha (6 damage)
             ... on level 2 of the Dungeon.
             The game lasted 00:01:24 (583 turns).

Thatpatchoflichen the Shield-Bearer (MiFi)           Turns: 583, Time: 00:01:24

Health: -1/27      AC:  7    Str: 20    XL:     2   Next: 31%
Magic:  1/1        EV:  7    Int:  5    God:
Gold:   27         SH:  9    Dex:  9    Spells: 1/1 levels left

rFire    . . .     SeeInvis .   a - +0 trident
rCold    . . .     Faith    .   c - +0 kite shield
rNeg     . . .     Spirit   .   b - +0 scale mail
rPois    .         Reflect  .   (helmet restricted)
rElec    .         Harm     .   (no cloak)
rCorr    .         Rampage  .   (no gloves)
Will     .....                  (no boots)
Stlth    ..........             (no amulet)
HPRegen  0.09/turn              (no ring)
MPRegen  0.07/turn              (no ring)

@: no status effects
A: horns 2, retaliatory headbutt
a: no special abilities


You were on level 2 of the Dungeon.
You visited 1 branch of the dungeon, and saw 2 of its levels.

You collected 27 gold pieces.

Inventory:

Hand Weapons
 a - a +0 trident (weapon)
Armour
 b - a +0 scale mail (worn)
 c - a +0 kite shield (worn)
Scrolls
 f - a scroll of identify {unknown}
 g - a scroll of brand weapon {unknown}
Potions
 d - a potion of might
 e - a potion of heal wounds {unknown}
 h - a potion of attraction {unknown}
 i - a potion of brilliance {unknown}


   Skills:
 + Level 3.8 Fighting
 + Level 2.7 Polearms
 + Level 3.8 Armour
 + Level 0.7 Dodging
 + Level 3.8 Shields


You had one spell level left.
You didn't know any spells.
Your spell library was empty.

Dungeon Overview and Level Annotations

Branches:
Dungeon (2/15)

Altars:

Annotations:
D:2 Natasha


Innate Abilities, Weirdness & Mutations

You have a pair of horns on your head.
You reflexively headbutt those who attack you in melee.


Message History

There is a stone staircase leading up here.
You hit the giant cockroach.
The giant cockroach is almost dead.
The giant cockroach bites you but does no damage. x2
You puncture the giant cockroach!
You kill the giant cockroach!
Natasha mumbles some strange words.
You feel disoriented. Natasha casts a spell at you.
You feel yourself slow down. The rat closely misses you.
You furiously retaliate!
You headbutt the rat, but do no damage. The rat barely misses you.
You furiously retaliate!
You headbutt the rat!
You kill the rat!
You closely miss Natasha. Natasha claws you. Natasha closely misses you.
You furiously retaliate!
You headbutt Natasha!
Your scale mail prevents you from hitting Natasha.
Natasha is severely wounded.
Natasha casts a spell at you. The magic dart hits you. Natasha claws you.
You closely miss Natasha. Your headbutt misses Natasha.
Natasha is severely wounded.
You block Natasha's attack. Natasha claws you.
You hit Natasha.
Natasha is almost dead.
You block Natasha's attack. Natasha claws you.
You miss Natasha. Your headbutt misses Natasha.
Natasha is almost dead.
Natasha claws you. You block Natasha's attack.
You closely miss Natasha.
Natasha is almost dead.
Natasha claws you!
* * * LOW HITPOINT WARNING * * *
Natasha mumbles some strange words.
You barely miss Natasha.
Natasha is almost dead.
You feel yourself speed up. You block Natasha's attack.
You block the white imp's attack. Natasha claws you.
You die...

.## ...## .....
#### #....#
....#####.#...#
##>...<.......
#.........###.
#.#........#
......h@...#
..#...5........
..........##.##
.##.......# .#
...####### #
.###


You could see Natasha and a white imp (summoned).

Vanquished Creatures
  A bat (D:1)
  A giant cockroach (D:2)
  2 goblins (D:1)
  3 hobgoblins (D:1)
  2 quokkas (D:1)
  2 frilled lizards (D:1)
  A rat (D:2)
12 creatures vanquished.

Notes
Turn   | Place    | Note
-------+----------+-------------------------------------------
     0 | D:1      | Thatpatchoflichen the Minotaur Fighter began the quest for
                  | the Orb.
     0 | D:1      | Reached XP level 1. HP: 19/19 MP: 0/0
   218 | D:1      | Reached XP level 2. HP: 24/27 MP: 1/1
   571 | D:2      | Noticed Natasha
   583 | D:2      | Slain by Natasha

Illustrated notes

Levels and vault maps discovered:
D:1:      lemuel_arrival_hallway, layout_basic
D:2:      minmay_inner_zag, layout_loops_ring, serial_shops, shop, uniq_natasha,
          uniq_terence

Action                   || total
-------------------------++-------
Melee: Trident           ||    39
       Headbutt          ||     1
Armor: Scale mail        ||    19
Dodge: Dodged            ||    14
Block: Kite shield       ||    16
